cohdb
Replays
Latest Replays
All Replays
Popular Replays
Top Player Replays
Match Explorer
How It Works
Community
CoH3 Stats
Reddit
Sign in to upload your games and track your stats! →
Sign in with Steam
Match 41460836
Unlisted
Match 41460836
Overview
Messages
Build Orders
End
Pioneer Squad
Construct Infanterie Kompanie
Selects Breakthrough Battlegroup
Grenadier Squad
Grenadier Squad
Grenadier Squad
Construct Luftwaffe Kompanie
Selects Rapid Production
221 Scout Car
221 Scout Car
Medical Bunker
Support Elements
Jäger Squad
GrW 34 Mortar Team
Wirbelwind Flakpanzer
Selects Blitzkrieg
Marder III M Tank Destroyer
Jäger Squad
Marder III M Tank Destroyer
Jäger Squad
Hing-gi
Kitsuné
0
0
Comments
sign in to comment!
No comments posted yet!